 Dungeon Crawl Stone Soup version 0.31-a0-977-gc230f8ef24 (webtiles) character file.

Game seed: 12928944188648230160

12820 RepHenryClay the Spry (level 11, -20/54 HPs)
             Began as a Deep Elf Venom Mage on Oct 29, 2023.
             Was a Priest of Vehumet.
             Demolished by an orc knight
             ... wielding a +0 battleaxe
              (23 damage)
             ... on level 1 of the Orcish Mines on Oct 30, 2023.
             The game lasted 00:49:21 (12834 turns).

RepHenryClay the Spry (Deep Elf Venom Mage)        Turns: 12834, Time: 00:49:21

Health: -20/54     AC:  5    Str:  5    XL:     11   Next: 67%
Magic:  1/23       EV: 20    Int: 25    God:    Vehumet [***...]
Gold:   1073       SH:  0    Dex: 15    Spells: 9/24 levels left

rFire   + . .        a - +2 short sword (elec)
rCold   . . .        (no shield)
rNeg    . . .        u - +2 robe {rF+}
rPois   .            q - +0 helmet
rElec   .            (no cloak)
rCorr   .            (no gloves)
SInv    .            (no boots)
Will    +....        s - amulet of magic regeneration
Stlth   ++           (no ring)
HPRegen 0.29/turn    (no ring)
MPRegen 0.58/turn

%: no passive effects
@: no status effects
A: no striking features
a: Renounce Religion


You were on level 1 of the Orcish Mines.
You worshipped Vehumet.
Vehumet was most pleased with you.
You visited 4 branches of the dungeon, and saw 15 of its levels.

You collected 1073 gold pieces.

Inventory:

Hand Weapons
 a - a +2 short sword of electrocution (weapon)
 t - a +1 flail of draining
 w - a +3 heavy hand axe
Missiles
 p - 2 throwing nets
Armour
 d - a +2 robe of cold resistance
 q - a +0 helmet (worn)
 u - a +2 robe of fire resistance (worn)
Magical Staves
 A - a staff of cold
Jewellery
 s - an amulet of magic regeneration (around neck)
 v - an amulet of the acrobat
 D - an amulet of faith
Wands
 B - a wand of polymorph (4)
Scrolls
 e - a scroll of teleportation
 i - a scroll of noise
 j - a scroll of silence {unknown}
 m - 2 scrolls of enchant weapon
 o - a scroll of fog {unknown}
 r - a scroll of summoning
 x - 3 scrolls of immolation
 y - 2 scrolls of vulnerability
Potions
 b - a potion of magic
 c - a potion of attraction
 f - a potion of enlightenment
 g - a potion of lignification
 h - 4 potions of curing
 k - 4 potions of might
 l - a potion of berserk rage
 n - a potion of cancellation
 z - a potion of brilliance
 C - a potion of haste


   Skills:
 + Level 2.1 Short Blades
 - Level 15.4 Dodging
 - Level 2.4 Stealth
 - Level 7.0 Spellcasting
 + Level 4.0 Conjurations
 - Level 1.1 Transmutations
 - Level 5.0 Fire Magic
 - Level 3.0 Air Magic
 - Level 12.0 Poison Magic


You had 9 spell levels left.
You knew the following spells:

 Your Spells              Type           Power      Damage    Failure   Level
a - Sting                 Tmut/Pois      100%       1d8       1%          1
b - Poisonous Vapours     Pois/Air       92%        N/A       1%          2
c - Mephitic Cloud        Conj/Pois/Air  40%        N/A       1%          3
d - Olgreb's Toxic Radia  Pois           62%        N/A       1%          4
e - Foxfire               Conj/Fire      100%       2x1d9     1%          1
f - Sticky Flame          Conj/Fire      31%        2d5       3%          4

Your spell library contained the following spells:

 Spells                   Type           Power      Damage    Failure   Level
 Call Canine Familiar     Summ           8%         N/A       21%         3
 Sigil of Binding         Hex            8%         N/A       21%         3
 Dimensional Bullseye     Hex/Tloc       4%         N/A       54%         4
 Leda's Liquefaction      Hex/Erth       4%         N/A       54%         4


Dungeon Overview and Level Annotations

Branches:
Dungeon (11/15)            Temple (1/1) D:7            Lair (1/5) D:8
    Orc (2/2) D:10            Elf (0/3) Orc:2

Altars:
Ashenzari
Cheibriados
Dithmenos
Elyvilon
Fedhas
Gozag
Hepliaklqana
Kikubaaqudgha
Makhleb
Nemelex Xobeh
Okawaru
Qazlal
Ru
Sif Muna
Trog
Uskayaw
Vehumet
Wu Jian
Xom
Yredelemnul
Zin
The Shining One

Annotations:
D:3 1 runed translucent door
D:4 3 runed translucent doors, jestert79's ghost, amateur FoFi
D:5 2 exclusions
D:8 unfinished
D:9 Maurice
D:10 2 transporters, jejorda2's ghost, novice GnBe
Orc:2 1 exclusion


Message History

Nergalle is engulfed in noxious fumes.
Casting: Sticky Flame (dangerous; 3% risk of failure)
Confirm with . or Enter, or press ? or * to list all spells.
Aiming: Mephitic Cloud (safe; 1% risk of failure)
Press: ? - help, Shift-Dir - straight line, p - orc knight The ball explodes into a vile cloud!
The stinking cloud engulfs the orc knight but does no damage.
The orc knight is severely wounded.
The stinking cloud engulfs Nergalle but does no damage.
Nergalle is severely wounded.
Nergalle burns!
The orc knight burns!
The orc knight is engulfed in noxious fumes.
The orc knight hits you with a +0 battleaxe!!
* * * LOW HITPOINT WARNING * * *
Nergalle is engulfed in noxious fumes.
Nergalle appears confused.
Nergalle says, "Why is everything spinning?"
Huge Dmg: -45%(-24hp) hp: 4%(2hp) Level annotation: Nergalle Welcome back, RepHenryClay the Deep Elf Venom Mage.
Vehumet says: Let it end in hellfire!
Press ? for a list of commands and other information.
Okay, then.
Okay, then.
Unknown command.
Nergalle burns!
The orc knight burns!
The orc knight stops burning.
The orc knight is engulfed in noxious fumes.
Nergalle looks very confused.
Okay, then.
Okay, then.
Okay, then.
Aiming: Sting (safe; 1% risk of failure)
Press: ? - help, Q - select action, (/) - cycle Shift-Dir - straight line, f - orc knight
Aim: an orc knight, wielding a +0 battleaxe and wearing a +0 plate armour (severely wounded, very poisoned, 78% to hit)
The sting hits the orc knight.
The orc knight looks even sicker.
The orc knight is almost dead.
Nergalle burns!
You kill Nergalle!
Vehumet accepts your kill.
The orc knight hits you with a +0 battleaxe!!
You die...

.....#.#........
.......#........
.................
#............°...
.................
.........)°[.....
.....#..)○°○.....
#$.......°#..#..#
.......@o)..[...
.............#...
##.#.............
# ##.#..[$..#.#.
##.....(..##
#.$.....##
.......##
#.......


You could see an orc knight (very poisoned).

Vanquished Creatures
  Fannar (D:10)
  A two-headed ogre (Orc:2)
  Nergalle (Orc:1)
  Pikel (D:6)
  2 orc knights (Orc:2)
  An orc sorcerer (Orc:2)
  A manticore (D:9)
  A cyclops (D:9)
  A komodo dragon (D:8)
  Maggie (D:6)
  A hornet (D:9)
  2 trolls
  2 wraiths (D:10)
  2 wyverns (D:8)
  A basilisk (D:8)
  7 yaks
  Grum (D:9)
  A steam dragon (D:10)
  2 wargs (Orc:1)
  Edmund (D:4)
  A water moccasin (D:9)
  17 orc warriors
  A black bear (D:6)
  A swamp drake (D:10)
  5 ogres
  3 centaurs
  2 wolves (D:9)
  A phantom (D:5)
  4 lemures (D:6)
  4 kobold brigands
  5 scorpions
  Blork the orc (D:6)
  4 gnoll sergeants
  4 bullfrogs
  2 wights (D:8)
  3 killer bees (D:7)
  A jelly (D:6)
  12 orc priests
  2 gnoll boudas (D:9)
  3 sleepcaps
  5 iguanas
  15 orc wizards
  Robin (D:4)
  23 gnolls
  5 adders
  5 white imps
  2 ufetubi (D:6)
  A worm (D:4)
  2 dart slugs
  55 orcs
  4 endoplasms
  8 goblins
  2 hobgoblins
  15 jackals
  4 quokkas
  4 ball pythons
  A bat (D:3)
  3 frilled lizards
  A goblin zombie (D:3)
  A jackal skeleton (D:3)
  A jackal zombie (D:3)
  22 kobolds
  2 rats
289 creatures vanquished.

Vanquished Creatures (collateral kills)
  A warg (Orc:1)
  2 orcs (Orc:1)
3 creatures vanquished.

Vanquished Creatures (others)
  A gnoll (D:6)
  144 foxfires
145 creatures vanquished.

Grand Total: 437 creatures vanquished

Notes
Turn   | Place    | Note
-------+----------+-------------------------------------------
     0 | D:1      | RepHenryClay the Deep Elf Venom Mage began the quest for
                  | the Orb.
     0 | D:1      | Reached XP level 1. HP: 10/10 MP: 6/6
   359 | D:1      | Reached XP level 2. HP: 15/15 MP: 2/8
  1335 | D:2      | Reached XP level 3. HP: 14/19 MP: 5/9
  1666 | D:2      | Reached skill level 5 in Poison Magic
  1738 | D:3      | Learned a level 2 spell: Poisonous Vapours
  1742 | D:3      | Learned a level 3 spell: Mephitic Cloud
  1977 | D:3      | Reached skill level 1 in Conjurations
  1977 | D:3      | Reached XP level 4. HP: 18/24 MP: 5/10
  2041 | D:3      | Found a runed translucent door.
  2041 | D:3      | Noticed a human
  2042 | D:3      | Found a basalt altar of Yredelemnul.
  2151 | D:3      | Reached skill level 1 in Air Magic
  2208 | D:3      | Found a hazy altar of Hepliaklqana.
  2549 | D:4      | Found a sacrificial altar of Ru.
  2578 | D:4      | Found a stormy altar of Qazlal.
  2579 | D:4      | Noticed an air elemental
  2581 | D:4      | Noticed an earth elemental
  2581 | D:4      | Noticed a fire elemental
  2581 | D:4      | Noticed a water elemental
  2698 | D:4      | Noticed jestert79's ghost (amateur FoFi)
  2698 | D:4      | Noticed an ice beast
  2722 | D:4      | Noticed a scorpion
  2726 | D:4      | Killed a scorpion
  2727 | D:4      | Reached XP level 5. HP: 28/28 MP: 6/11
  2766 | D:4      | Noticed an ogre
  2778 | D:4      | Killed an ogre
  2779 | D:4      | Reached XP level 6. HP: 32/32 MP: 4/12
  2934 | D:4      | Found a broken altar of Ashenzari.
  2935 | D:4      | Found a runed translucent gate.
  2945 | D:4      | Noticed Edmund
  2962 | D:4      | Killed Edmund
  2963 | D:4      | Reached skill level 3 in Dodging
  3024 | D:4      | Found a runed translucent gate.
  3025 | D:4      | Found a runed translucent gate.
  3691 | D:4      | Noticed Robin
  3702 | D:4      | Killed Robin
  3808 | D:4      | Found a glowing silver altar of Zin.
  3808 | D:4      | Found an opulent altar of Gozag.
  3900 | D:5      | Entered Level 5 of the Dungeon
  3919 | D:5      | Reached skill level 4 in Dodging
  3978 | D:5      | Reached XP level 7. HP: 25/36 MP: 8/14
  4204 | D:5      | Found a shimmering blue altar of Sif Muna.
  4664 | D:5      | Found an ornate altar of the Wu Jian Council.
  4894 | D:5      | Found a snail-covered altar of Cheibriados.
  4976 | D:6      | Noticed Blork the orc
  4984 | D:6      | Killed Blork the orc
  4985 | D:6      | Reached skill level 5 in Dodging
  4985 | D:6      | Reached skill level 5 in Spellcasting
  5204 | D:6      | Noticed Pikel
  5560 | D:6      | Reached XP level 8. HP: 36/41 MP: 13/17
  5756 | D:6      | Learned a level 4 spell: Olgreb's Toxic Radiance
  5809 | D:6      | Reached skill level 6 in Dodging
  5947 | D:6      | Reached skill level 7 in Dodging
  5956 | D:6      | Noticed Maggie
  5969 | D:6      | Killed Maggie
  6195 | D:6      | Reached skill level 8 in Dodging
  6227 | D:6      | Killed Pikel
  6228 | D:6      | Reached XP level 9. HP: 35/45 MP: 10/18
  6468 | D:7      | Reached skill level 9 in Dodging
  6721 | D:7      | Found a staircase to the Ecumenical Temple.
  6731 | Temple   | Entered the Ecumenical Temple
  6762 | Temple   | Became a worshipper of Vehumet
  6867 | D:7      | Found a white marble altar of Elyvilon.
  6867 | D:7      | Found an iron altar of Okawaru.
  7110 | D:8      | Noticed a komodo dragon
  7121 | D:8      | Killed a komodo dragon
  7122 | D:8      | Reached skill level 10 in Poison Magic
  7269 | D:8      | Reached skill level 10 in Dodging
  7483 | D:8      | Reached skill level 11 in Dodging
  7500 | D:8      | Reached XP level 10. HP: 38/50 MP: 16/19
  7549 | D:8      | Found a staircase to the Lair.
  8146 | D:9      | Noticed a cyclops
  8158 | D:9      | Killed a cyclops
  8159 | D:9      | Reached skill level 12 in Dodging
  8382 | D:9      | Noticed a manticore
  8395 | D:9      | Killed a manticore
  8395 | D:9      | Reached * piety under Vehumet
  8395 | D:9      | Offered knowledge of Kiss of Death by Vehumet.
  8404 | D:9      | Reached skill level 13 in Dodging
  8521 | D:9      | Found an ancient bone altar of Kikubaaqudgha.
  8529 | D:9      | Noticed Grum
  8541 | D:9      | Killed Grum
  9072 | Lair:1   | Entered Level 1 of the Lair of Beasts
  9072 | Lair:1   | Noticed a cane toad
  9101 | D:10     | Entered Level 10 of the Dungeon
  9173 | D:10     | Noticed jejorda2's ghost (novice GnBe)
  9184 | D:10     | Found a transporter.
  9203 | D:10     | Found a transporter.
  9279 | D:10     | Reached skill level 14 in Dodging
  9936 | D:10     | Offered knowledge of Foxfire by Vehumet.
  9941 | D:10     | Reached ** piety under Vehumet
  9960 | D:10     | Found a staircase to the Orcish Mines.
  9983 | D:10     | Noticed Fannar
  9997 | D:11     | Noticed a gargoyle
  9997 | D:11     | Noticed a cyclops
 10034 | D:9      | Noticed Maurice
 10164 | D:8      | Learned a level 1 spell: Foxfire
 10389 | D:9      | Reached skill level 1 in Fire Magic
 10389 | D:9      | Reached XP level 11. HP: 54/54 MP: 14/20
 10753 | D:10     | Killed Fannar
 11266 | Orc:1    | Entered Level 1 of the Orcish Mines
 11497 | Orc:2    | Entered Level 2 of the Orcish Mines
 11497 | Orc:2    | Found a bloodstained altar of Trog.
 11519 | Orc:1    | Offered knowledge of Inner Flame by Vehumet.
 11740 | Orc:1    | Reached skill level 5 in Fire Magic
 11964 | Orc:2    | Reached *** piety under Vehumet
 11974 | Orc:2    | Reached skill level 15 in Dodging
 12101 | Orc:2    | Noticed an orc knight
 12111 | Orc:2    | Noticed an orc sorcerer
 12116 | Orc:2    | Noticed a sixfirhy
 12119 | Orc:2    | Killed an orc knight
 12119 | Orc:2    | Killed an orc sorcerer
 12161 | Orc:2    | Noticed a two-headed ogre
 12172 | Orc:2    | Killed a two-headed ogre
 12376 | Orc:2    | Noticed an orc knight
 12400 | Orc:2    | Killed an orc knight
 12484 | Orc:1    | Offered knowledge of Sticky Flame by Vehumet.
 12496 | Orc:2    | Learned a level 4 spell: Sticky Flame
 12520 | Orc:1    | Noticed a boulder beetle
 12521 | Orc:1    | Noticed an orc sorcerer
 12524 | Orc:1    | Reached skill level 1 in Short Blades
 12630 | Orc:2    | Found a staircase to the Elven Halls.
 12816 | Orc:1    | Noticed an orc knight
 12822 | Orc:1    | Noticed Nergalle
 12832 | Orc:1    | HP: 2/54 [orc knight/+0 battleaxe (24)]
 12834 | Orc:1    | Killed Nergalle
 12834 | Orc:1    | Demolished by an orc knight

Illustrated notes

Levels and vault maps discovered:
D:1:      nagdon_arrival_zigzag_paths, layout_basic
D:2:      layout_rooms
D:3:      layout_rooms, dk_yredelemnul_ordeal,
          mainiacjoe_overflow_surrounded_room
D:4:      layout_gridville, grunt_temple_overflow_gold_and_silver,
          mainiacjoe_overflow_alcove_4, nicolae_qazlal_style_of_elements,
          mainiacjoe_overflow_catwalk, gammafunk_ghost_icy,
          corexii_leaking_fountain, minmay_misc_feat_hallway, uniq_edmund,
          uniq_robin
D:5:      layout_basic, chei_slow_surprise, nicolae_sif_muna_condensation,
          nzn_wu_jian_contemplation, serial_glass, glass_columns_b,
          glass_columns_b, glass_columns_a, hangedman_decor_slide_cut
D:6:      layout_rooms, uniq_maggie, uniq_blork_the_orc, uniq_pikel
D:7:      layout_loops_cross, gammafunk_temple_overflow_pools, temple_fountains,
          hangedman_decor_clover_reticule
D:8:      layout_basic, minmay_lair_entry_grove, sword_in_stone
D:9:      layout_irregular_city, mainiacjoe_overflow_small_starburst,
          chequers_jeans, uniq_grum, uniq_maurice
D:10:     layout_loops_ring, erik_orc_1, gammafunk_ghost_stat_death, uniq_fannar
D:11:     layout_layer_cave, chequers_mini_garden, bh_circular_ruins
Temple:   grunt_temple_mini_profane
Lair:1:   layout_layer_cave, infiniplex_staircase_pool_2
Orc:1:    layout_caves, serial_shops, shop, rock_pile, uniq_nergalle
Orc:2:    kennysheep_orc_mage_school, layout_caves, basic_altar, mines1_david

Skill      XL: |  1  2  3  4  5  6  7  8  9 10 11 |
---------------+----------------------------------+-----
Poison Magic   | 4 5 6 7 9 11 12 | 12.0
Conjurations   | 1 2 3 4 |  4.0
Air Magic      | 2 3 |  3.0
Dodging        | 4 5 8 11 14 15 | 15.4
Spellcasting   | 5 7 |  7.0
Fire Magic     | 1 5 |  5.0
Short Blades   | 2 |  2.1
Stealth        | |  2.4
Transmutations | |  1.1

Action                     |  1- 3 |  4- 6 |  7- 9 | 10-12 || total
---------------------------+-------+-------+-------+-------++-------
  Melee: Unarmed           |    19 |    16 |       |       ||    35
         Flail             |       |       |    31 |       ||    31
         Hand axe          |       |       |    19 |    46 ||    65
         Punch             |       |       |       |     1 ||     1
         Staff             |       |       |       |     8 ||     8
         Short sword       |       |       |       |     5 ||     5
   Cast: Sting             |    87 |    83 |   188 |   163 ||   521
         Poisonous Vapours |       |    14 |    30 |    57 ||   101
         Mephitic Cloud    |       |     1 |     8 |    28 ||    37
         Olgreb's Toxic Ra |       |       |    12 |    48 ||    60
         Foxfire           |       |       |       |    79 ||    79
         Sticky Flame      |       |       |       |     4 ||     4
  Evoke: Wand              |       |       |       |    13 ||    13
    Use: Potion            |     1 |       |     5 |     6 ||    12
         Scroll            |       |       |     8 |     8 ||    16
   Stab: Sleeping          |       |       |     1 |       ||     1
         Paralysed         |       |       |       |    25 ||    25
 Armour: Robe              |    35 |    29 |   102 |    92 ||   258
         Skin              |       |       |    10 |    18 ||    28
  Dodge: Dodged            |    44 |    32 |   123 |   223 ||   422

Table legend: (Time is in decaauts)
 A = Elapsed time spent in this place.
 B = Non-inter-level travel time spent in this place.
 C = Inter-level travel time spent in this place.
 D = Time resting spent in this place.
 E = Time spent auto-exploring this place.
 F = Levels seen in this place.
 G = Mean time per level.
                   A        B        C        D        E       F      G
               +--------+--------+--------+--------+--------+-----+--------+
         Total |  12957 |  12111 |    846 |   1305 |   7897 |  15 |  863.8 |
       Dungeon |  11431 |  10685 |    746 |    762 |   7408 |  11 | 1039.2 |
        Temple |     58 |      7 |     51 |      0 |      0 |   1 |   58.0 |
          Lair |      1 |      1 |      0 |      0 |      0 |   1 |    1.0 |
  Orcish Mines |   1465 |   1418 |     47 |    543 |    489 |   2 |  732.5 |
               +--------+--------+--------+--------+--------+-----+--------+

Top non-repeatable levels by time:
    D:10: 1862 daAuts
     D:4: 1580 daAuts
     D:8: 1443 daAuts
     D:5: 1388 daAuts
     D:9: 1062 daAuts
     D:6: 977 daAuts
     D:1: 962 daAuts
     D:2: 889 daAuts
   Orc:2: 760 daAuts
     D:7: 721 daAuts
   Orc:1: 705 daAuts
     D:3: 541 daAuts
  Temple: 58 daAuts
    D:11: 1 daAuts
  Lair:1: 1 daAuts
